 Dungeon Crawl Stone Soup version 0.17-a0-491-gbd49765 (webtiles) character file.

599 inmateoo the Ruffian (level 7, -5/44 HPs)
             Began as a Gargoyle Monk on Apr 10, 2015.
             Slain by an ogre
             ... wielding a +0 giant spiked club
              (16 damage)
             ... on level 5 of the Dungeon.
             The game lasted 00:05:09 (4261 turns).

inmateoo the Ruffian (Gargoyle Monk)                Turns: 4261, Time: 00:05:10

Health: -5/44      AC: 12    Str: 14    XL:     7   Next: 41%
Magic:  7/7        EV: 13    Int: 13    God:
Gold:   254        SH:  0    Dex: 12    Spells: 0 memorised, 6 levels left

rFire  . . .     SeeInvis .       - Unarmed
rCold  . . .     Clarity  .     a - +0 robe
rNeg   + . .     SustAb   .     (no shield)
rPois  ∞         Gourm    .     (no helmet)
rElec  +         Spirit   .     n - +1 cloak
rCorr  +         Warding  .     (no gloves)
rMut   .         Stasis   .     (no boots)
MR     .....                    g - amulet of resist corrosion
Stlth  ++........               (no ring)
                                d - +4 ring of protection

@: not resistant to hostile enchantments, unstealthy
A: negative energy resistance 1, electricity resistance, unbreathing,
petrification resistance, rot immunity, AC +4
a: no special abilities


You were on level 5 of the Dungeon.
You were very hungry.

You visited 1 branch of the dungeon, and saw 5 of its levels.

You collected 254 gold pieces.

Inventory:

Armour
 a - a +0 robe (worn)
 n - a +1 cloak (worn)
Jewellery
 d - a +4 ring of protection (left hand)
 g - an amulet of resist corrosion (around neck)
Magical devices
 j - a wand of teleportation (4)
Scrolls
 h - a scroll of remove curse
 k - a scroll of amnesia
 s - a scroll of teleportation
Potions
 e - 2 potions of lignification
 i - a potion of curing {unknown}
 l - 2 potions of haste
 m - a potion of magic {unknown}
 p - a potion of degeneration {unknown}
 q - a potion of heal wounds
Comestibles
 b - 2 bread rations
 c - a beef jerky
 f - 3 meat rations
 o - a slice of pizza
 r - 2 fruits


   Skills:
 + Level 5.0 Fighting
 + Level 4.0 Dodging
 - Level 2.1 Stealth
 * Level 6.9 Unarmed Combat


You had 6 spell levels left.
You didn't know any spells.

Dungeon Overview and Level Annotations

Branches:
Dungeon (5/15)
 Temple: D:4-7

Altars:
Elyvilon
Fedhas
Gozag
Makhleb
Vehumet


Innate Abilities, Weirdness & Mutations

You are resistant to torment.
Your stone body is resilient (AC +4).
You are immune to poison.
You resist negative energy.
You are resistant to electric shocks.
You can survive without breathing.
You are immune to petrification.
You are immune to rotting.


Message History

The ogre misses you.
You punch the ogre!
The ogre is heavily wounded.
The ogre misses you.
You hit the ogre.
The ogre is severely wounded.
You barely miss the ogre.
The ogre is severely wounded.
The ogre closely misses you.
You hit the ogre.
The ogre is severely wounded.
You closely miss the ogre.
The ogre is severely wounded.
The ogre hits you with a giant spiked club!!
Ouch! That really hurt!
* * * LOW HITPOINT WARNING * * *
You completely miss the ogre.
The ogre is severely wounded.
The ogre hits you with a giant spiked club!
You die...

########### ###.........#
##...........##
#.............##
..........##...#
..........####..## ##
.........># ##..#######.
#####.# ........@##
##........# #....##
........O# #.....###.
<.....##.........## #..####
..†...............# ##..#
###...............## #..##
#.................####..#
#.............#....##..<##
##.......##...####........###
........## #..# ##.)###.[..##


You could see an ogre.

Vanquished Creatures
  An ice beast (D:5)
  A scorpion (D:4)
  3 orc priests
  A centaur skeleton (D:5)
  A jelly (D:5)
  2 orc wizards
  2 hounds (D:4)
  A worker ant (D:3)
  8 adders
  3 worms (D:3)
  An ooze (D:3)
  9 orcs
  A ball python (D:4)
  9 bats
  4 giant cockroaches
  8 hobgoblins
  3 jackals (D:3)
  2 giant geckos (D:3)
  8 giant newts
  14 goblins
  9 kobolds
  A quokka (D:2)
  A quokka skeleton (D:4)
  9 rats
102 creatures vanquished.

Notes
Turn   | Place    | Note
--------------------------------------------------------------
     0 | D:1      | inmateoo, the Gargoyle Monk, began the quest for the Orb.
     0 | D:1      | Reached XP level 1. HP: 14/14 MP: 1/1
   169 | D:1      | Reached XP level 2. HP: 12/19 MP: 2/2
   787 | D:2      | Reached XP level 3. HP: 23/23 MP: 3/3
  1177 | D:2      | Found an opulent altar of Gozag.
  1177 | D:2      | Found a burning altar of Makhleb.
  1274 | D:3      | Reached skill level 5 in Unarmed Combat
  1274 | D:3      | Reached XP level 4. HP: 13/28 MP: 4/4
  2107 | D:4      | Reached XP level 5. HP: 21/33 MP: 5/5
  2530 | D:4      | Found a radiant altar of Vehumet.
  3039 | D:4      | Found a white marble altar of Elyvilon.
  3039 | D:4      | Found a blossoming altar of Fedhas.
  3145 | D:4      | Reached XP level 6. HP: 34/38 MP: 6/6
  3338 | D:5      | Entered Level 5 of the Dungeon
  3343 | D:4      | Reached skill level 6 in Unarmed Combat
  3966 | D:5      | Reached XP level 7. HP: 33/44 MP: 7/7
  4125 | D:5      | Reached skill level 5 in Fighting
  4261 | D:5      | Slain by an ogre

Action                   |  1- 3 |  4- 6 |  7- 9 || total
-------------------------+-------+-------+-------++-------
Melee: Unarmed           |   124 |   273 |    64 ||   461
  Use: Scroll            |     7 |     2 |     1 ||    10
 Stab: Sleeping          |     5 |     3 |     1 ||     9
  Eat: Chunk             |     1 |     9 |       ||    10
